 Dungeon Crawl Stone Soup version 0.24.1-14-gf8d2b509d9 (console) character file.

Game seed: 1133918994257330563, levelgen mode: deterministic

42 Kagalorn the Bolt Thrower (level 3, -1/49 HPs)
             Began as a Minotaur Wanderer on Sept 29, 2020.
             Slain by Natasha (4 damage)
             ... on level 2 of the Dungeon.
             The game lasted 00:03:48 (1175 turns).

Kagalorn the Bolt Thrower (Minotaur Wanderer)       Turns: 1175, Time: 00:03:48

Health: -1/49      AC:  8    Str: 23    XL:     3   Next: 33%
Magic:  3/3        EV:  7    Int: 12    God:
Gold:   68         SH:  0    Dex:  8    Spells: 3/4 levels left

rFire    . . .     SeeInvis .   (no weapon)
rCold    + . .     Gourm    .   (no shield)
rNeg     . . .     Faith    .   j - +0 chain mail
rPois    .         Spirit   .   (helmet restricted)
rElec    .         Reflect  .   (no cloak)
rCorr    .         Harm     .   (no gloves)
MR       .....                  (no boots)
Stlth    ..........             (no amulet)
HPRegen  0.16/turn              n - +3 ring of strength
MPRegen  0.08/turn              m - ring of protection from cold

@: berserking, hasted, very quick
A: retaliatory headbutt, horns 2
a: no special abilities


You were on level 2 of the Dungeon.
You were not hungry.

You visited 1 branch of the dungeon, and saw 2 of its levels.

You collected 68 gold pieces.

Inventory:

Missiles
 a - 60 arrows
 d - 70 stones (quivered)
Armour
 j - a +0 chain mail (worn)
Jewellery
 k - an uncursed ring of see invisible
 m - a ring of protection from cold (right hand)
 n - a +3 ring of strength (left hand)
Wands
 o - a wand of iceblast (6)
Scrolls
 g - 3 scrolls of identify {unknown}
 i - 3 scrolls of fear {unknown}
 l - a scroll of remove curse {unknown}
Potions
 b - 3 potions of lignification
Comestibles
 c - 11 chunks of flesh
 f - 3 rations


   Skills:
 + Level 4.1 Fighting
   Level 4.3 Crossbows
 - Level 1.0 Throwing
 - Level 1.0 Spellcasting
   Level 1.0 Translocations
   Level 1.0 Air Magic
 - Level 1.0 Evocations


You had 3 spell levels left.
You knew the following spells:

 Your Spells              Type           Power        Failure   Level  Hunger
a - Magic Dart            Conj           #...         95%         1    ##.....

Your spell library contained the following spells:

 Spells                   Type           Power        Failure   Level  Hunger
 Blink                    Tloc           N/A          95%         2    ###....
 Shroud of Golubria       Chrm/Tloc      #.....       98%         2    ###....
 Call Imp                 Summ           #.......     99%         2    ###....
 Slow                     Hex            #.......     99%         2    ###....
 Conjure Flame            Conj/Fire      #.......     100%        3    ####...
 Mephitic Cloud           Conj/Pois/Air  #.......     100%        3    ####...


Dungeon Overview and Level Annotations

Branches:
Dungeon (2/15)

Altars:

Annotations:
D:2 Natasha, Sigmund


Innate Abilities, Weirdness & Mutations

You reflexively headbutt those who attack you in melee.
You have a pair of horns on your head.


Message History

Natasha is heavily wounded.
Natasha claws you.
* * * LOW HITPOINT WARNING * * *
The shadow imp hits you.
* * * LOW HITPOINT WARNING * * *
Sorry, you're not good enough to have a special ability.
Okay, then.
It was a potion of haste.
You feel yourself speed up. Natasha claws you.
* * * LOW HITPOINT WARNING * * *
The shadow imp closely misses you. You furiously retaliate!
You headbutt the shadow imp.
It was a potion of berserk rage.
A red film seems to cover your vision as you go berserk!
You feel yourself moving faster!
You feel mighty! Natasha claws you but does no damage.
You closely miss Natasha.
Natasha is heavily wounded.
The shadow imp hits you but does no damage.
Natasha claws you.
You die...

.............#
...##.........#
#.. #.........#
#. ##........#
#.. #........#
#...###........#
#..............#
##......########
#.....@#
#....5h#
#.......#
#[..!...#
...<.?..#
#...[...#
#.....?.#
......###


You could see Natasha and a shadow imp.

Vanquished Creatures
  An ooze (D:1)
  A leopard gecko (D:1)
  2 giant cockroaches (D:1)
  5 goblins
  A hobgoblin (D:1)
  7 jackals (D:1)
  A ball python (D:1)
  5 bats (D:1)
  2 frilled lizards (D:1)
  5 kobolds
  5 rats (D:1)
35 creatures vanquished.

Notes
Turn   | Place    | Note
-------+----------+-------------------------------------------
     0 | D:1      | Kagalorn the Minotaur Wanderer began the quest for the Orb.
     0 | D:1      | Kagalorn set off with the following items: a +0 club, a
                  | potion of lignification, a +0 robe, a ration; and the
                  | following spell memorised: Magic Dart; and the following
                  | spells available to memorise: Blink, Shroud of Golubria,
                  | Call Imp, Slow, Mephitic Cloud, Conjure Flame
     0 | D:1      | Reached XP level 1. HP: 16/16 MP: 1/1
   211 | D:1      | Reached XP level 2. HP: 19/25 MP: 2/2
   847 | D:1      | Reached XP level 3. HP: 25/33 MP: 3/3
   939 | D:2      | Noticed Sigmund
  1144 | D:2      | Noticed Natasha
  1175 | D:2      | Slain by Natasha

Levels and vault maps discovered:
D:1:      eino_arrival_druids_welcome, layout_basic, serial_glass,
          glass_columns_b, glass_columns_c
D:2:      layout_basic, overflow_temple_1_default, lemuel_crystal_altar,
          kiku_gazebo_garden_becter, bloody_trog, first_ration, uniq_sigmund,
          uniq_natasha, uniq_crazy_yiuf_cottage

Skill      XL: |  1  2  3 |
---------------+----------+-----
Fighting       | 2 3 4 |  4.1
Crossbows      | |  4.3
Throwing       | |  1.0
Spellcasting   | |  1.0
Translocations | |  1.0
Air Magic      | |  1.0
Evocations     | |  1.0

Action                   || total
-------------------------++-------
Melee: Unarmed           ||   180
       Headbutt          ||    17
  Use: Potion            ||     2
  Eat: Chunk             ||     1
Armor: Ring mail         ||    36
       Robe              ||     6
       Chain mail        ||    86
Dodge: Dodged            ||   106
